 Dungeon Crawl Stone Soup version 0.29-a0-653-gd47aff6735 (webtiles) character file.

Game seed: 7760225948116343267

2552 DuloT34 the Caller (level 9, -1/64 HPs)
             Began as an Octopode Summoner on June 21, 2022.
             Was an Initiate of Gozag.
             Slain by a fire elemental (12 damage)
             ... summoned by a deep elf pyromancer
             ... on level 7 of the Dungeon.
             The game lasted 00:18:12 (9227 turns).

DuloT34 the Caller (Octopode Summoner)              Turns: 9227, Time: 00:18:13

Health: -1/64      AC:  8    Str: 16    XL:     9   Next: 56%
Magic:  0/18       EV: 14    Int: 24    God:    Gozag
Gold:   250        SH:  0    Dex: 13    Spells: 13/21 levels left

rFire   x . .      SeeInvis .   i - +6 falchion "Concordance" {protect, rF- Str+3 Int+3}
rCold   . . .      Faith    .   (no shield)
rNeg    . . .      Spirit   +   (helmet restricted)
rPois   .          Reflect  .   r - amulet of guardian spirit
rElec   .          Harm     .   f - +6 ring of strength
rCorr   .          Rampage  .   (no ring)
Will    .....                   (no ring)
Stlth   +++.......              (no ring)
HPRegen 0.20/turn               (no ring)
MPRegen 0.16/turn               (no ring)
                                (no ring)
                                (no ring)

@: about to teleport, under a protective aura
A: almost no armour, amphibious, 8 rings, camouflage 1, gelatinous body 1,
(nimble swimmer 1), tentacles
a: Renounce Religion, Potion Petition, Call Merchant, Bribe Branch


You were on level 7 of the Dungeon.
You worshipped Gozag.
Gozag was aware of your devotion.
You visited 2 branches of the dungeon, and saw 8 of its levels.

You collected 348 gold pieces.
You paid 98 gold pieces to Gozag.

Inventory:

Hand Weapons
 i - the +6 falchion "Concordance" (weapon) {protect, rF- Str+3 Int+3}
   (You found it on level 2 of the Dungeon)

   It grants its wielder temporary protection when it strikes (+7 to AC).
   Str:       It affects your strength (+3).
   Int:       It affects your intelligence (+3).
   rF:        It makes you vulnerable to fire.
Missiles
 h - a throwing net
Armour
 u - a +0 tower shield
Magical Staves
 d - a staff of conjuration
 s - a staff of air
Jewellery
 f - a +6 ring of strength (left tentacle)
 r - an amulet of guardian spirit (around mantle)
Scrolls
 l - a scroll of enchant weapon
 m - a scroll of teleportation
 n - a scroll of vulnerability
 t - 2 scrolls of identify
 v - a scroll of silence {unknown}
 w - a scroll of noise {unknown}
Potions
 a - a potion of magic
 b - a potion of might {unknown}
 c - 3 potions of mutation
 e - a potion of curing
 g - 2 potions of heal wounds {unknown}
 j - a potion of cancellation {unknown}
 k - a potion of attraction {unknown}
 o - a potion of berserk rage {unknown}
 q - 2 potions of brilliance


   Skills:
 + Level 7.1 Fighting
 - Level 2.5 Long Blades
 - Level 4.1 Dodging
 - Level 2.6 Stealth
 + Level 6.5 Spellcasting
 + Level 7.4 Summonings


You had 13 spell levels left.
You knew the following spells:

 Your Spells              Type           Power      Damage    Failure   Level
a - Summon Small Mammal   Summ           100%       N/A       1%          1
b - Call Canine Familiar  Summ           43%        N/A       1%          3
c - Summon Lightning Spi  Summ/Air       25%        N/A       16%         4

Your spell library contained the following spells:

 Spells                   Type           Power      Damage    Failure   Level
 Call Imp                 Summ           43%        N/A       1%          2
 Summon Guardian Golem    Hex/Summ       25%        N/A       4%          3
 Beastly Appendage        Tmut           14%        N/A       8%          1
 Portal Projectile        Hex/Tloc       14%        N/A       22%         3
 Leda's Liquefaction      Hex/Erth       3%         N/A       58%         4


Dungeon Overview and Level Annotations

Branches:
Dungeon (7/15)             Temple (1/1) D:6

Altars:
Cheibriados
Dithmenos
Elyvilon
Fedhas
Gozag
Kikubaaqudgha
Qazlal
Sif Muna
Trog
Uskayaw
Vehumet
Wu Jian

Shops:
D:6 (


Innate Abilities, Weirdness & Mutations

You cannot wear most types of armour.
You are amphibious.
You can wear up to eight rings at the same time.
Your skin changes colour to match your surroundings (Stealth+).
Your rubbery body absorbs attacks. (AC +1, EV +1)
((You are camouflaged when in or above water. (Stealth+)))
You have tentacles for arms and can constrict up to eight enemies at once.


Message History

Your quokka disappears in a puff of smoke!
You swap places.
Your hound closely misses the fire elemental.
The fire elemental hits your hound. The fire elemental burns your hound!
Your hound closely misses the fire elemental.
The fire elemental misses your hound.
The deep elf pyromancer mumbles some strange words.
Send 'em back where they came from!
Your hound disappears in a puff of smoke!
Casting: Call Canine Familiar (safe; 1% risk of failure)
Confirm with . or Enter, or press ? or * to list all spells.
The fire elemental hits you. The fire elemental burns you!
The fire burns you terribly! The fire elemental closely misses you.
Casting: Call Canine Familiar (safe; 1% risk of failure)
Confirm with . or Enter, or press ? or * to list all spells.
The fire elemental hits you. The fire elemental burns you!
The fire burns you terribly!
Your hound bites the fire elemental.
Your quokka completely misses the fire elemental.
The fire elemental hits your quokka. The fire elemental burns your quokka!
Your quokka dies!
Your quokka's corpse disappears in a puff of smoke!
The fire elemental hits you. The fire elemental burns you!
The fire burns you terribly!
* * * LOW HITPOINT WARNING * * *
As you read the scroll of teleportation, it crumbles to dust.
You feel strangely unstable. The fire elemental misses you.
The fire elemental barely misses your hound.
Your hound barely misses the fire elemental.
As you read the scroll of summoning, it crumbles to dust.
Wisps of shadow whirl around you... The fire elemental closely misses you.
The fire elemental hits your hound. The fire elemental burns your hound!
Your hound misses the fire elemental. You slash the fire elemental!
Your weapon exudes an aura of protection.
The fire elemental is moderately damaged.
Your hound bites the fire elemental.
The fire elemental hits you. The fire elemental burns you!
The fire burns you terribly!
You die...
Your body crumbles into a pile of gold.

#########
########.....@E##
#.............hE####.#
#............h.l.°e..#
#...........h...###..#
#...............# .#
#...............# #
#...............#
#...............#
#.....##.......##


You could see a deep elf pyromancer, 2 fire elementals, 2 friendly howler
monkeys, a friendly iguana (summoned) and a friendly hound (summoned).

Vanquished Creatures
  Sigmund (D:4)
  Eustachio (D:4)
  2 water moccasins (D:5)
  An ogre (D:5)
  3 centaurs
  2 phantoms (D:5)
  3 bullfrogs
  A scorpion (D:6)
  4 wights (D:6)
  A hound (D:4)
  4 iguanas
  A gnoll (D:4)
  3 adders
  A white imp (D:5)
  An ufetubus (D:5)
  A worm (D:5)
  3 dart slugs
  15 orcs
  6 endoplasms
  5 giant cockroaches
  6 hobgoblins
  5 jackals
  4 quokkas
  9 ball pythons
  7 bats
  3 frilled lizards (D:1)
  10 goblins
  8 kobolds
  6 rats
117 creatures vanquished.

Vanquished Creatures (collateral kills)
  Edmund (D:4)
  An ogre (D:4)
  2 phantoms
  A necrophage (D:3)
  Blork the orc (D:4)
  A wight (D:6)
  A jelly (D:3)
  A gnoll shaman (D:4)
  2 orc priests
  A hound (D:6)
  3 orc wizards
  3 gnolls (D:4)
  An adder (D:6)
  2 shadow imps (D:6)
  A white imp (D:5)
  2 dart slugs
  3 orcs
  A hobgoblin (D:1)
  2 jackals (D:4)
  A kobold (D:3)
  A quokka (D:1)
  2 ball pythons
  A bat (D:1)
  A rat (D:2)
36 creatures vanquished.

Vanquished Creatures (others)
  A fungus (D:2)
  3 plants (D:6)
4 creatures vanquished.

Grand Total: 157 creatures vanquished

Notes
Turn   | Place    | Note
-------+----------+-------------------------------------------
     0 | D:1      | DuloT34 the Octopode Summoner began the quest for the Orb.
     0 | D:1      | Reached XP level 1. HP: 11/11 MP: 3/3
   373 | D:1      | Reached XP level 2. HP: 11/18 MP: 5/5
   704 | D:1      | Reached skill level 1 in Fighting
  1459 | D:1      | Reached XP level 3. HP: 17/23 MP: 6/6
  2230 | D:2      | Identified the +6 falchion "Concordance" {protect, rF-
                  | Str+3 Int+3}
  2433 | D:2      | Reached XP level 4. HP: 29/29 MP: 7/7
  2481 | D:2      | Learned a level 3 spell: Call Canine Familiar
  2647 | D:2      | Found a faded altar of an unknown god.
  2655 | D:2      | Got Plato's Incunabulum of Changing
  2672 | D:2      | Prayed at the altar of an unknown god.
  2672 | D:2      | Became a worshipper of Elyvilon the Healer
  2672 | D:2      | Reached * piety under Elyvilon
  3245 | D:3      | Reached skill level 1 in Long Blades
  3304 | D:3      | Reached XP level 5. HP: 23/35 MP: 1/8
  3519 | D:3      | Reached ** piety under Elyvilon
  3819 | D:3      | Reached XP level 6. HP: 16/42 MP: 3/10
  4440 | D:4      | Learned a level 4 spell: Summon Lightning Spire
  4548 | D:4      | Reached XP level 7. HP: 47/47 MP: 4/11
  4958 | D:4      | Noticed Blork the orc
  4969 | D:4      | Killed Blork the orc
  5302 | D:4      | Noticed Eustachio
  5314 | D:4      | Killed Eustachio
  5345 | D:4      | Reached skill level 5 in Summonings
  5391 | D:4      | Noticed Sigmund
  5606 | D:4      | Killed Sigmund
  5607 | D:4      | Reached XP level 8. HP: 51/54 MP: 9/14
  5650 | D:4      | Noticed Edmund
  5661 | D:4      | Killed Edmund
  5662 | D:4      | Reached skill level 5 in Fighting
  6081 | D:5      | Entered Level 5 of the Dungeon
  6235 | D:5      | Reached skill level 5 in Spellcasting
  6303 | D:5      | Reached *** piety under Elyvilon
  7282 | D:5      | Found a stormy altar of Qazlal.
  7285 | D:5      | Noticed an air elemental
  7286 | D:5      | Noticed a water elemental
  7556 | D:6      | Reached XP level 9. HP: 57/62 MP: 14/17
  8444 | D:6      | Found Annaqole's Hydra Hut.
  8445 | D:6      | Noticed an eight-headed hydra
  8586 | D:6      | Found a staircase to the Ecumenical Temple.
  8596 | Temple   | Entered the Ecumenical Temple
  8773 | Temple   | Fell from the grace of Elyvilon
  8773 | Temple   | Became a worshipper of Gozag Ym Sagoz the Greedy
  9200 | D:7      | Noticed a deep elf pyromancer
  9227 | D:7      | Slain by a fire elemental

Illustrated notes

Levels and vault maps discovered:
D:1:      lightli_arrival_lavapool, layout_loops_ring
D:2:      layout_loops_ring, shapermc_ecumenical_altar_rom_forum,
          minmay_misc_feat_cross
D:3:      layout_rooms, minmay_misc_feat_encased, grunt_ministairs_4,
          minmay_box_of_dots
D:4:      layout_loops_ring, sigmund_edmund_badplayer, uniq_eustachio,
          uniq_blork_the_orc, uniq_edmund
D:5:      layout_basic, nicolae_qazlal_style_of_elements
D:6:      layout_basic, minmay_temple_entry_overgrown, doesnt_shop_hydraphobe
D:7:      layout_gridville, hex_medium, minmay_manual_monolith
Temple:   mainiacjoe_temple_cubbyholes

Skill      XL: |  1  2  3  4  5  6  7  8  9 |
---------------+----------------------------+-----
Fighting       | 1 2 3 4 6 7 |  7.1
Dodging        | 3 4 |  4.1
Long Blades    | 1 2 |  2.5
Spellcasting   | 3 4 5 6 |  6.5
Summonings     | 5 6 7 |  7.4
Stealth        | |  2.6

Action                   |  1- 3 |  4- 6 |  7- 9 || total
-------------------------+-------+-------+-------++-------
Melee: Unarmed           |    25 |       |       ||    25
       Tentacles         |    23 |    13 |    37 ||    73
       Constrict         |    20 |    18 |    25 ||    63
       Staff             |    70 |       |       ||    70
       Falchion          |     1 |    73 |   119 ||   193
       Punch             |       |       |     2 ||     2
 Cast: Summon Small Mamm |    15 |    10 |    29 ||    54
       Call Canine Famil |       |    12 |    20 ||    32
Invok: Purification      |       |       |     1 ||     1
       Heal Other        |       |       |     3 ||     3
  Use: Scroll            |       |     4 |     9 ||    13
       Potion            |       |       |     2 ||     2
 Stab: Sleeping          |     7 |     9 |     7 ||    23
       Distracted        |       |     1 |       ||     1
Armor: Skin              |    12 |    16 |    38 ||    66
Dodge: Dodged            |    75 |    64 |   108 ||   247

Table legend: (Time is in decaauts)
 A = Elapsed time spent in this place.
 B = Non-inter-level travel time spent in this place.
 C = Inter-level travel time spent in this place.
 D = Time resting spent in this place.
 E = Time spent auto-exploring this place.
 F = Levels seen in this place.
 G = Mean time per level.
                   A        B        C        D        E       F      G
               +--------+--------+--------+--------+--------+-----+--------+
         Total |   9278 |   8995 |    283 |   2153 |   5543 |   8 | 1159.8 |
       Dungeon |   9018 |   8818 |    200 |   2153 |   5383 |   7 | 1288.3 |
        Temple |    260 |    177 |     83 |      0 |    160 |   1 |  260.0 |
               +--------+--------+--------+--------+--------+-----+--------+

Top non-repeatable levels by time:
     D:1: 2020 daAuts
     D:4: 1996 daAuts
     D:5: 1462 daAuts
     D:6: 1358 daAuts
     D:3: 1138 daAuts
     D:2: 963 daAuts
  Temple: 260 daAuts
     D:7: 78 daAuts
